 Dungeon Crawl Stone Soup version 0.28-a0-1638-g9123634e07 (webtiles) character file.

Game seed: 12490003550466663861

602 kae the Ruffian (level 7, -9/56 HPs)
             Began as a Red Draconian Transmuter on Jan 25, 2022.
             Was an Initiate of Wu Jian.
             Mangled by Pikel (18 damage)
             ... on level 5 of the Dungeon.
             The game lasted 00:02:52 (5425 turns).

kae the Ruffian (Red Draconian Transmuter)          Turns: 5425, Time: 00:02:53

Health: -9/56      AC:  2    Str: 12    XL:     7   Next: 18%
Magic:  4/11       EV: 20    Int: 16    God:    Wu Jian [......]
Gold:   232        SH:  0    Dex: 16    Spells: 4/12 levels left

rFire   . . .      SeeInvis .     - Unarmed
rCold   . . .      Faith    .   (shield currently unavailable)
rNeg    . . .      Spirit   .   (armour unavailable)
rPois   x          Reflect  .   (helmet currently unavailable)
rElec   .          Harm     .   (cloak currently unavailable)
rCorr   .          Rampage  .   (gloves currently unavailable)
Will    .....                   (boots currently unavailable)
Stlth   +.........              (no amulet)
HPRegen 0.18/turn               (no ring)
MPRegen 0.12/turn               (no ring)

@: spider-form (expiring), very slightly contaminated
A: venomous fangs, (breathe fire), AC +6, tiny, unfitting armour, (fire
resistance 1), (cold-blooded)
a: End Transformation, Renounce Religion


You were on level 5 of the Dungeon.
You worshipped Wu Jian.
Wu Jian was noncommittal.
You were a venomous arachnid creature.
You visited 1 branch of the dungeon, and saw 5 of its levels.

You collected 232 gold pieces.

Inventory:

Jewellery
 b - an amulet of the acrobat
Wands
 g - a wand of polymorph (4)
Scrolls
 a - 2 scrolls of teleportation
 d - a scroll of blinking
 e - a scroll of fear
Potions
 c - 2 potions of magic
 f - a potion of cancellation {unknown}
 h - a potion of attraction {unknown}
 i - 2 potions of curing {unknown}
 k - a potion of mutation {unknown}
 l - a potion of flight {unknown}


   Skills:
 + Level 2.7 Fighting
 + Level 2.9 Dodging
 * Level 4.9 Unarmed Combat
 + Level 3.0 Spellcasting
 * Level 4.1 Transmutations
 * Level 1.5 Ice Magic
 - Level 2.0 Poison Magic


You had 4 spell levels left.
You knew the following spells:

 Your Spells              Type           Power      Damage    Failure   Level
a - Beastly Appendage     Tmut           30%        N/A       11%         1
b - Spider Form           Tmut/Pois      12%        N/A       34%         3
c - Ice Form              Ice/Tmut       11%        N/A       71%         4

Your spell library contained the following spells:

 Spells                   Type           Power      Damage    Failure   Level
 Wereblood                Tmut           15%        N/A       14%         2
 Gell's Gravitas          Tloc           2%         N/A       71%         3
 Teleport Other           Tloc           2%         N/A       71%         3
 Dispersal                Tloc           1%         N/A       100%        6


Dungeon Overview and Level Annotations

Branches:
Dungeon (5/15)
 Temple: D:4-7

Altars:
Fedhas
Wu Jian

Annotations:
D:4 Dowan, Duvessa
D:5 Pikel


Innate Abilities, Weirdness & Mutations

You are a venomous arachnid creature.
You have poisonous fangs.
You are tiny and dextrous.
Your spellcasting is less reliable in this form.
Your armour is entirely melded.
You are incapable of wielding weapons or throwing items.
((You can breathe blasts of fire.))
((Your fiery red scales are hard. (AC +6)))
You cannot fit into any form of body armour.
((Your flesh is heat resistant. (rF+)))
((You are cold-blooded and may be slowed by cold attacks.))


Message History

You kill the lemure!
That felt strangely unrewarding.
You barely miss Pikel.
A lemure comes into view.
Pikel misses you.
You barely miss Pikel. You barely miss Pikel.
The lemure shouts!
Pikel closely misses you.
You hit Pikel.
Pikel is poisoned.
Pikel is lightly wounded.
Pikel misses you.
You hit Pikel but do no damage.
Pikel is moderately wounded.
Pikel cracks his whip.
Pikel hits you with a +0 whip of electrocution!
You are electrocuted!!
You hit Pikel but do no damage.
Pikel is moderately wounded.
Pikel completely misses you.
You hit Pikel.
Pikel looks as sick as possible!
Pikel is moderately wounded.
Pikel barely misses you.
You hit Pikel.
Pikel looks as sick as possible!
Pikel is heavily wounded.
Pikel says, "Hell isn't that bad."
Pikel hits you with a +0 whip of electrocution.
You barely miss Pikel.
Pikel is heavily wounded.
Pikel misses you.
You bite Pikel!
Pikel looks as sick as possible!
Pikel is almost dead.
Pikel barely misses you.
You barely miss Pikel.
Pikel is almost dead.
Your transformation is almost over.
Pikel hits you with a +0 whip of electrocution!
* * * LOW HITPOINT WARNING * * *
You are electrocuted!!
You die...

... ..# #.# #(.
#.#.# #.#.# #.#.#
#.#s# #.#K#
#.#5#######
#.#.###.#5.......
#.......5........
##.###.#########
#.....5K.
.......55
##########


You could see Pikel (extremely poisoned) and 3 lemures.

Vanquished Creatures
  Sigmund (D:1)
  Pargi (D:4)
  A lemure (D:5)
  A scorpion (D:4)
  Jessica (D:2)
  Natasha (thrice) (D:4)
  Terence (D:2)
  A hound skeleton (D:4)
  Robin (D:2)
  4 gnolls (D:4)
  2 adders
  A worm (D:2)
  A dart slug (D:2)
  5 orcs
  2 bats
  6 endoplasms
  5 giant cockroaches
  14 goblins
  9 hobgoblins
  5 quokkas
  7 ball pythons
  7 frilled lizards
  4 kobolds
  8 rats
91 creatures vanquished.

Notes
Turn   | Place    | Note
-------+----------+-------------------------------------------
     0 | D:1      | kae the Draconian Transmuter began the quest for the Orb.
     0 | D:1      | Reached XP level 1. HP: 16/16 MP: 3/3
   407 | D:1      | Reached XP level 2. HP: 23/23 MP: 3/5
   841 | D:1      | Found a faded altar of an unknown god.
  1752 | D:2      | Noticed Jessica
  1758 | D:2      | Killed Jessica
  1759 | D:2      | Reached XP level 3. HP: 25/28 MP: 4/6
  1767 | D:2      | Learned a level 3 spell: Spider Form
  1883 | D:2      | Noticed Sigmund
  1884 | D:2      | Noticed Terence
  1887 | D:2      | Noticed Robin
  2268 | D:1      | Killed Sigmund
  2269 | D:1      | Reached skill level 1 in Poison Magic
  2269 | D:1      | Reached XP level 4. HP: 17/36 MP: 4/7
  2269 | D:1      | Reached XP level 5. HP: 19/41 MP: 4/8
  2443 | D:2      | Killed Terence
  2633 | D:2      | Killed Robin
  2696 | D:2      | Reached XP level 6. HP: 47/48 MP: 8/10
  2701 | D:2      | Learned a level 4 spell: Ice Form
  2809 | D:2      | Found an ornate altar of the Wu Jian Council.
  3250 | D:2      | Became a worshipper of the Wu Jian Council
  3387 | D:3      | Found a blossoming altar of Fedhas.
  4394 | D:4      | Noticed Natasha
  4401 | D:4      | Killed Natasha
  4583 | D:4      | Noticed Natasha
  4604 | D:4      | Killed Natasha
  4686 | D:4      | Reached skill level 1 in Ice Magic
  4976 | D:4      | Noticed Natasha
  4984 | D:4      | Killed Natasha
  5027 | D:4      | Noticed Pargi
  5046 | D:4      | Killed Pargi
  5047 | D:4      | Your scales start taking on a fiery red colour.
  5047 | D:4      | Reached XP level 7. HP: 37/56 MP: 8/11
  5047 | D:4      | Gained mutation: Your flesh is heat resistant. (rF+) [Red
                  | Draconian growth]
  5387 | D:4      | Noticed Duvessa
  5387 | D:4      | Noticed Dowan
  5392 | D:5      | Entered Level 5 of the Dungeon
  5396 | D:5      | Noticed Pikel
  5425 | D:5      | Mangled by Pikel

Illustrated notes

Levels and vault maps discovered:
D:1:      dpeg_arrival_arbitrary_b, layout_basic,
          shapermc_ecumenical_altar_notcrosses
D:2:      layout_basic, basic_altar, uniq_sigmund, uniq_robin, uniq_jessica,
          uniq_terence
D:3:      cheibrodos_old_hovel, layout_basic,
          mainiacjoe_overflow_six_doors_small, minmay_misc_feat_four_crosses,
          grunt_decor_arrowhead
D:4:      layout_loops_ring, uniq_natasha, uniq_duvessa, uniq_pargi
D:5:      nicolae_cairo_tiling, layout_basic,
          gammafunk_temple_overflow_forgotten, serial_curves, eino_curves_02,
          eino_curves_01, gup_sewer_entry_glass, uniq_pikel

Skill      XL: |  1  2  3  4  5  6 |
---------------+-------------------+-----
Dodging        | 2 |  2.9
Fighting       | 2 |  2.7
Unarmed Combat | 4 |  4.9
Transmutations | 3 4 |  4.1
Poison Magic   | 1 2 |  2.0
Ice Magic      | 1 |  1.5
Spellcasting   | 3 |  3.0

Action                   |  1- 3 |  4- 6 |  7- 9 || total
-------------------------+-------+-------+-------++-------
Melee: Unarmed           |    86 |   167 |    31 ||   284
       Kick              |    10 |    15 |       ||    25
       Tailslap          |     7 |    11 |     1 ||    19
       Headbutt          |     2 |     7 |       ||     9
       Punch             |     1 |     1 |       ||     2
 Cast: Beastly Appendage |    20 |    22 |       ||    42
       Spider Form       |     2 |     9 |     3 ||    14
Invok: Lunge             |       |     8 |     1 ||     9
  Use: Scroll            |     5 |     2 |     1 ||     8
       Potion            |     1 |       |       ||     1
 Stab: Sleeping          |     1 |     2 |       ||     3
       Invisible         |     1 |       |       ||     1
Armor: Skin              |    30 |    35 |     1 ||    66
Dodge: Dodged            |    57 |   120 |    22 ||   199

Table legend: (Time is in decaauts)
 A = Elapsed time spent in this place.
 B = Non-inter-level travel time spent in this place.
 C = Inter-level travel time spent in this place.
 D = Time resting spent in this place.
 E = Time spent auto-exploring this place.
 F = Levels seen in this place.
 G = Mean time per level.
                   A        B        C        D        E       F      G
               +--------+--------+--------+--------+--------+-----+--------+
         Total |   5406 |   5317 |     89 |    695 |   3847 |   5 | 1081.2 |
       Dungeon |   5406 |   5317 |     89 |    695 |   3847 |   5 | 1081.2 |
               +--------+--------+--------+--------+--------+-----+--------+

Top non-repeatable levels by time:
     D:1: 2226 daAuts
     D:4: 1113 daAuts
     D:2: 1034 daAuts
     D:3: 1000 daAuts
     D:5: 31 daAuts
